 Dungeon Crawl Stone Soup version 0.31-a0-365-gcf821cafb2 (webtiles) character file.

Game seed: 16668635247530816849

7574 CraigForest the Grappler (level 11, -1/124 HPs)
             Began as a Gnoll Shapeshifter on July 27, 2023.
             Was a High Priest of Qazlal.
             Succumbed to an orange demon's poison
             ... on level 9 of the Dungeon on July 28, 2023.
             The game lasted 01:04:13 (6108 turns).

CraigForest the Grappler (Gnoll Shapeshifter)       Turns: 6108, Time: 01:04:14

Health: -1/124     AC: 25    Str: 18    XL:     11   Next: 17%
Magic:  20/20      EV:  2    Int:  6    God:    Qazlal [*****.]
Gold:   307        SH:  6    Dex: 13    Spells: 20/22 levels left

rFire   . . .        n - +3 hand axe (flame)
rCold   + + .        (no shield)
rNeg    . . .        E - melded +3 scale mail {rF+}
rPois   +            (helmet currently unavailable)
rElec   .            (cloak currently unavailable)
rCorr   .            (gloves currently unavailable)
SInv    .            (boots currently unavailable)
Will    +....        (no amulet)
Stlth   ++           J - ring of protection from cold
HPRegen 0.40/turn    F - ring of protection from cold
MPRegen 0.17/turn

%: repel missiles
@: lethally poisoned (-1 -> -10), tree-form, spiked
A: stationary, stasis, torment immunity, boosted hp, (fangs 1), strong nose,
distributed training, dopey 1, strong-willed 1, (cold vulnerability 1), (sturdy
frame 1)
a: Renounce Religion, Upheaval, Elemental Force, Disaster Area


You were on level 9 of the Dungeon.
You worshipped Qazlal.
Qazlal was extremely pleased with you.
You were a tree.
You visited 2 branches of the dungeon, and saw 10 of its levels.

You collected 559 gold pieces.
You spent 252 gold pieces at shops.

Inventory:

Hand Weapons
 d - a +0 orcbow
 n - a +3 hand axe of flaming (weapon)
 p - a +1 great sword of electrocution
 q - a +2 morningstar
 A - a +2 heavy flail
 D - a +2 flail of protection
 L - a +2 vampiric short sword
Missiles
 g - 27 poisoned darts
 l - a curare-tipped dart
 m - 91 stones
Armour
 u - a +0 pair of boots
 w - an orb of guile
 z - a +0 pair of gloves
 E - a +3 scale mail of fire resistance (melded)
Magical Staves
 B - a staff of cold
Jewellery
 x - a ring of ice
 F - a ring of protection from cold (right branch)
 J - a ring of protection from cold (left branch)
Talismans
 c - a beast talisman
Wands
 a - a wand of polymorph (23)
 j - a wand of acid (11)
 K - a wand of mindburst (9)
Scrolls
 h - a scroll of immolation
 s - 3 scrolls of enchant armour
 C - a scroll of noise
Potions
 f - a potion of attraction
 k - 2 potions of might {unknown}
 o - 2 potions of degeneration {unknown}
 t - a potion of berserk rage {unknown}
 G - a potion of brilliance {unknown}
 I - a potion of invisibility {unknown}


   Skills:
 + Level 6.7 Fighting
 + Level 6.1 Short Blades
 + Level 6.1 Long Blades
 + Level 6.1 Axes
 + Level 6.1 Maces & Flails
 + Level 6.1 Polearms
 + Level 6.1 Staves
 + Level 6.1 Ranged Weapons
 + Level 6.1 Throwing
 + Level 6.1 Armour
 + Level 7.7 Dodging
 + Level 6.1 Stealth
 + Level 6.1 Shields
 + Level 9.1 Unarmed Combat
 + Level 6.1 Spellcasting
 + Level 5.1 Conjurations
 + Level 5.1 Hexes
 + Level 5.1 Summonings
 + Level 5.1 Necromancy
 + Level 5.1 Translocations
 + Level 5.1 Transmutations
 + Level 5.1 Fire Magic
 + Level 5.1 Ice Magic
 + Level 5.1 Air Magic
 + Level 5.1 Earth Magic
 + Level 5.1 Poison Magic
 + Level 6.7 Invocations
 + Level 6.1 Evocations
 + Level 8.4 Shapeshifting


You had 20 spell levels left.
You knew the following spells:

 Your Spells              Type           Power      Damage    Failure   Level
a - Wereblood             Tmut           7%         N/A       4%          2

Your spell library contained the following spells:

 Spells                   Type           Power      Damage    Failure   Level
 Irradiate                Conj/Tmut      3%         3d12      67%         5
 Conjure Ball Lightning   Conj/Air       3%         3x3d6     99%         6
 Discord                  Hex            3%         N/A       100%        8
 Disjunction              Tloc           3%         N/A       100%        8


Dungeon Overview and Level Annotations

Branches:
Dungeon (9/15)             Temple (1/1) D:5
   Lair: D:8-11         Orc: D:9-12

Altars:
Ashenzari
Cheibriados
Dithmenos
Elyvilon
Fedhas
Gozag
Hepliaklqana
Kikubaaqudgha
Makhleb
Nemelex Xobeh
Okawaru
Qazlal
Ru
Sif Muna
Trog
Uskayaw
Vehumet
Wu Jian
Xom
Yredelemnul
Zin
The Shining One

Shops:
D:4 **!:   D:8 (==[

Annotations:
D:9 2 transporters, Shayle's ghost, novice GnSh


Innate Abilities, Weirdness & Mutations

You are a tree.
Your roots penetrate the ground, keeping you stationary.
You cannot be teleported.
You are immune to unholy pain and torment.
Your maximum health is greatly increased.
Your equipment is partially melded.
((You have very sharp teeth.))
Your uncanny sense of smell can sniff out nearby items.
Your experience applies equally to all skills.
You are dopey. (Int -2)
You are strong-willed. (Will+)
((You are vulnerable to cold. (rC-)))
((Your movements are slightly less encumbered by armour. (ER -2)))


Message History

You hit the red devil.
You feel a bit better.
You kill the red devil!
Qazlal accepts your kill.
You hit the neqoxec. You burn the neqoxec.
You howl as the wereblood boils in your veins!
The orange demon stings you from afar!
* * * LOW HITPOINT WARNING * * *
You are lethally poisoned!
The orange demon poisons you! You block the neqoxec's attack.
An ice devil comes into view.
You slash the neqoxec! You burn the neqoxec. You punch the neqoxec.
The neqoxec is almost dead.
* * * LOW HITPOINT WARNING * * *
You feel very sick. The orange demon barely misses you.
The neqoxec barely misses you.
Your transformation has ended.
You turn into a tree.
Your +3 scale mail of fire resistance melds into your body.
You feel less resistant to fire.
Your roots penetrate the ground.
Your primal bloodlust has ended.
* * * LOW HITPOINT WARNING * * *
You feel very sick.
The orange demon is engulfed in a thunderstorm.
You kill the orange demon!
Qazlal accepts your kill.
The neqoxec hits you but does no damage.
You barely miss the neqoxec.
The neqoxec is almost dead.
* * * LOW HITPOINT WARNING * * *
You feel very sick.
The neqoxec hits you but does no damage.
You hit the neqoxec. You burn the neqoxec.
You kill the neqoxec!
Qazlal accepts your kill.
You hit the ice devil but do no damage.
* * * LOW HITPOINT WARNING * * *
You feel very sick.
The ice devil hits you but does no damage.
You hit the ice devil but do no damage. Your punch misses the ice devil.
You die...

#..# #..# ##..#
##..##### #
##......## .#
#.......# ☼.#
##..)##..## ∆ ∆ .☼#
.##))##...### ###K..#
.##...##....####♣4.§#
.###..###§.§..§§.☼§##
.# #...####☼§§○..###
<# #.....######### .#
###....# .#
##.#.###### ##
#..........
#..#.######.#
######..#.# .#


You could see an ice devil and a kobold.

Vanquished Creatures
  Pikel (D:7)
  Joseph (D:7)
  An orange demon (D:9)
  A red devil (D:9)
  Grinder (D:6)
  A slime creature (D:7)
  A shadow (D:9)
  7 yaks
  Grum (D:8)
  A neqoxec (D:9)
  Menkaure (D:6)
  Edmund (D:4)
  Duvessa (D:4)
  An acid dragon (D:9)
  3 ice beasts
  An orc warrior (D:9)
  2 black bears (D:6)
  A sky beast (D:7)
  4 wolves (D:8)
  An ogre (D:5)
  3 centaurs
  A phantom (D:6)
  3 kobold brigands
  3 bullfrogs
  A gnoll sergeant (D:7)
  4 scorpions
  9 wights
  Dowan (D:4)
  9 killer bees
  2 electric eels (D:7)
  5 orc priests
  2 hounds
  A sleepcap (D:6)
  5 jellies
  Jessica (D:2)
  Ijyb (D:5)
  2 iguanas
  8 orc wizards
  16 gnolls
  7 adders
  A white imp (D:7)
  2 worms
  32 orcs
  13 endoplasms
  3 giant cockroaches
  6 goblins
  11 hobgoblins
  9 jackals
  12 kobolds
  3 quokkas
  2 ball pythons
  7 bats
  4 frilled lizards
  6 rats
227 creatures vanquished.

Notes
Turn   | Place    | Note
-------+----------+-------------------------------------------
     0 | D:1      | CraigForest the Gnoll Shapeshifter began the quest for the
                  | Orb.
     0 | D:1      | Reached XP level 1. HP: 17/17 MP: 1/1
   249 | D:1      | Reached XP level 2. HP: 23/23 MP: 2/2
   480 | D:1      | Reached XP level 3. HP: 28/28 MP: 3/3
   715 | D:1      | Found a faded altar of an unknown god.
   720 | D:1      | Prayed at the altar of an unknown god.
   720 | D:1      | Became a worshipper of Qazlal Stormbringer
   720 | D:1      | Reached * piety under Qazlal
   844 | D:2      | Reached skill level 1 in Invocations
   948 | D:2      | Reached skill level 1 in Short Blades
   948 | D:2      | Reached skill level 1 in Long Blades
   948 | D:2      | Reached skill level 1 in Axes
   948 | D:2      | Reached skill level 1 in Maces & Flails
   948 | D:2      | Reached skill level 1 in Polearms
   948 | D:2      | Reached skill level 1 in Staves
   948 | D:2      | Reached skill level 1 in Ranged Weapons
   948 | D:2      | Reached skill level 1 in Throwing
   948 | D:2      | Reached skill level 1 in Armour
   948 | D:2      | Reached skill level 1 in Stealth
   948 | D:2      | Reached skill level 1 in Shields
   948 | D:2      | Reached skill level 1 in Spellcasting
   948 | D:2      | Reached skill level 1 in Evocations
  1094 | D:2      | Reached XP level 4. HP: 25/34 MP: 5/5
  1407 | D:2      | Noticed Jessica
  1414 | D:2      | Killed Jessica
  1415 | D:2      | Reached skill level 1 in Conjurations
  1415 | D:2      | Reached skill level 1 in Hexes
  1415 | D:2      | Reached skill level 1 in Summonings
  1415 | D:2      | Reached skill level 1 in Necromancy
  1415 | D:2      | Reached skill level 1 in Translocations
  1415 | D:2      | Reached skill level 1 in Transmutations
  1415 | D:2      | Reached skill level 1 in Fire Magic
  1415 | D:2      | Reached skill level 1 in Ice Magic
  1415 | D:2      | Reached skill level 1 in Air Magic
  1415 | D:2      | Reached skill level 1 in Earth Magic
  1415 | D:2      | Reached skill level 1 in Poison Magic
  1741 | D:3      | Reached XP level 5. HP: 40/40 MP: 5/7
  1829 | D:3      | Reached ** piety under Qazlal
  2617 | D:4      | Found Funifoir's Book Shop.
  2737 | D:4      | Found Apuhemm's Distillery.
  2754 | D:4      | Gained mutation: Your movements are slightly less
                  | encumbered by armour. (ER -2) [potion of mutation]
  2754 | D:4      | Gained mutation: You are vulnerable to cold. (rC-) [potion
                  | of mutation]
  2754 | D:4      | Gained mutation: You are strong-willed. (Will+) [potion of
                  | mutation]
  2795 | D:4      | Reached skill level 5 in Dodging
  2795 | D:4      | Reached XP level 6. HP: 19/47 MP: 8/8
  2932 | D:4      | Noticed Edmund
  2940 | D:4      | Killed Edmund
  3012 | D:4      | Noticed Duvessa
  3021 | D:4      | Killed Duvessa
  3022 | D:4      | Reached skill level 7 in Unarmed Combat
  3022 | D:4      | Reached XP level 7. HP: 36/52 MP: 10/10
  3027 | D:4      | Noticed Dowan
  3035 | D:4      | Killed Dowan
  3060 | D:4      | Found Zeiweuq's Assorted Antiques.
  3062 | D:4      | Found Ugopygiz's General Store.
  3284 | D:5      | Entered Level 5 of the Dungeon
  3342 | D:5      | Found a shimmering altar of Xom.
  3468 | D:5      | Found a staircase to the Ecumenical Temple.
  3475 | Temple   | Entered the Ecumenical Temple
  3631 | D:5      | Reached XP level 8. HP: 59/60 MP: 12/12
  3649 | D:5      | Noticed Ijyb
  3661 | D:5      | Killed Ijyb
  3736 | D:4      | Bought a book of Changes for 252 gold pieces
  3742 | D:4      | Learned a level 2 spell: Wereblood
  3897 | D:5      | Found a broken altar of Ashenzari.
  4120 | D:6      | Reached *** piety under Qazlal
  4183 | D:6      | Noticed Menkaure
  4189 | D:6      | Killed Menkaure
  4226 | D:6      | Noticed a yak
  4240 | D:6      | Killed a yak
  4241 | D:6      | Reached XP level 9. HP: 66/67 MP: 14/14
  4332 | D:6      | Reached skill level 5 in Fighting
  4354 | D:6      | Noticed Grinder
  4359 | D:6      | Paralysed by Grinder for 3 turns
  4365 | D:6      | Killed Grinder
  4470 | D:7      | Found a white marble altar of Elyvilon.
  4486 | D:7      | Reached skill level 8 in Unarmed Combat
  4488 | D:7      | Reached skill level 5 in Invocations
  4509 | D:7      | Reached **** piety under Qazlal
  4517 | D:7      | Found an ornate altar of the Wu Jian Council.
  4517 | D:7      | Found a blossoming altar of Fedhas.
  4638 | D:7      | Noticed Joseph
  4647 | D:7      | Killed Joseph
  4648 | D:7      | Reached skill level 5 in Short Blades
  4648 | D:7      | Reached skill level 5 in Long Blades
  4648 | D:7      | Reached skill level 5 in Axes
  4648 | D:7      | Reached skill level 5 in Maces & Flails
  4648 | D:7      | Reached skill level 5 in Polearms
  4648 | D:7      | Reached skill level 5 in Staves
  4648 | D:7      | Reached skill level 5 in Ranged Weapons
  4648 | D:7      | Reached skill level 5 in Throwing
  4648 | D:7      | Reached skill level 5 in Armour
  4648 | D:7      | Reached skill level 5 in Stealth
  4648 | D:7      | Reached skill level 5 in Shields
  4648 | D:7      | Reached skill level 5 in Spellcasting
  4648 | D:7      | Reached skill level 5 in Evocations
  4648 | D:7      | Reached XP level 10. HP: 16/76 MP: 17/17
  4815 | D:7      | Noticed Pikel
  4822 | D:7      | Killed Pikel
  5037 | D:8      | Noticed Grum
  5037 | D:8      | Found Arrit Lukli's Jewellery Emporium.
  5048 | D:8      | Killed Grum
  5091 | D:8      | Found Xuon Hud's Antique Armour Boutique.
  5232 | D:8      | Found Suiraw's Jewellery Shop.
  5514 | D:8      | Found Azxidouk's Weapon Shop.
  5526 | D:8      | Reached ***** piety under Qazlal
  5646 | D:9      | Found a transporter.
  5682 | D:9      | Found a transporter.
  5709 | D:9      | Noticed a skeletal warrior
  5715 | D:9      | Reached XP level 11. HP: 82/83 MP: 19/19
  5760 | D:9      | Reached skill level 9 in Unarmed Combat
  5780 | D:9      | Noticed Shayle's ghost (novice GnSh)
  5789 | D:9      | Noticed a green ugly thing
  6064 | D:9      | Reached skill level 5 in Conjurations
  6064 | D:9      | Reached skill level 5 in Hexes
  6064 | D:9      | Reached skill level 5 in Summonings
  6064 | D:9      | Reached skill level 5 in Necromancy
  6064 | D:9      | Reached skill level 5 in Translocations
  6064 | D:9      | Reached skill level 5 in Transmutations
  6064 | D:9      | Reached skill level 5 in Fire Magic
  6064 | D:9      | Reached skill level 5 in Ice Magic
  6064 | D:9      | Reached skill level 5 in Air Magic
  6064 | D:9      | Reached skill level 5 in Earth Magic
  6064 | D:9      | Reached skill level 5 in Poison Magic
  6098 | D:9      | HP: 3/83 [orange demon (4)]
  6099 | D:9      | Gained mutation: You are dopey. (Int -2) [a neqoxec]
  6106 | D:9      | HP: 4/124 [poisoned by an orange demon]
  6107 | D:9      | HP: 1/124 [poisoned by an orange demon]
  6108 | D:9      | Succumbed to an orange demon's poison

Illustrated notes

Levels and vault maps discovered:
D:1:      beargit_arrival_diablo_church, layout_loops_ring,
          basic_ecumenical_altar
D:2:      layout_loops_corners, uniq_jessica
D:3:      layout_loops_ring
D:4:      layout_basic, serial_shops, shop, nicolae_shop_statue_plus,
          nicolae_shop_pleasant_corner_grove, nicolae_shop_industrial_runoff,
          uniq_duvessa, uniq_edmund
D:5:      layout_rooms, mainiacjoe_overflow_cross_hatched,
          mainiacjoe_overflow_24_doors, minmay_temple_entry_nine_rooms,
          palyth_stone_intersect, uniq_ijyb
D:6:      layout_rooms, uniq_grinder, uniq_menkaure
D:7:      cheibrodos_fertilizer, layout_basic, lemuel_round_altar,
          nicolae_overflow_squiral, uniq_joseph, uniq_pikel
D:8:      layout_loops_cross, serial_shops, shop, shop, shop, shop, uniq_grum
D:9:      layout_loops_ring, gammafunk_ghost_abyssal_escape,
          nicolae_neqoxec_dot_bat
Temple:   minmay_temple_bridge_d

Skill      XL: |  1  2  3  4  5  6  7  8  9 10 11 |
---------------+----------------------------------+-----
Invocations    | 1 2 3 4 5 6 |  6.7
Short Blades   | 1 2 3 5 6 |  6.1
Long Blades    | 1 2 3 5 6 |  6.1
Axes           | 1 2 3 5 6 |  6.1
Maces & Flails | 1 2 3 5 6 |  6.1
Polearms       | 1 2 3 5 6 |  6.1
Staves         | 1 2 3 5 6 |  6.1
Ranged Weapons | 1 2 3 5 6 |  6.1
Throwing       | 1 2 3 5 6 |  6.1
Armour         | 1 2 3 5 6 |  6.1
Stealth        | 1 2 3 5 6 |  6.1
Shields        | 1 2 3 5 6 |  6.1
Spellcasting   | 1 2 3 5 6 |  6.1
Evocations     | 1 2 3 5 6 |  6.1
Conjurations   | 1 2 3 4 5 |  5.1
Hexes          | 1 2 3 4 5 |  5.1
Summonings     | 1 2 3 4 5 |  5.1
Necromancy     | 1 2 3 4 5 |  5.1
Translocations | 1 2 3 4 5 |  5.1
Transmutations | 1 2 3 4 5 |  5.1
Fire Magic     | 1 2 3 4 5 |  5.1
Ice Magic      | 1 2 3 4 5 |  5.1
Air Magic      | 1 2 3 4 5 |  5.1
Earth Magic    | 1 2 3 4 5 |  5.1
Poison Magic   | 1 2 3 4 5 |  5.1
Fighting       | 3 4 5 6 |  6.7
Dodging        | 5 6 7 |  7.7
Unarmed Combat | 7 8 9 |  9.1
Shapeshifting  | 7 8 |  8.4

Action                     |  1- 3 |  4- 6 |  7- 9 | 10-12 || total
---------------------------+-------+-------+-------+-------++-------
  Melee: Unarmed           |    77 |    71 |       |       ||   148
         Punch             |     5 |     2 |     2 |     7 ||    16
         Bite              |     1 |     9 |    20 |    14 ||    44
         Hand axe          |       |    29 |   170 |   134 ||   333
  Throw: Dart              |     1 |     3 |    13 |       ||    17
   Cast: Wereblood         |       |       |     3 |    11 ||    14
    Use: Scroll            |       |     2 |    13 |     5 ||    20
         Potion            |       |     1 |       |     6 ||     7
 Armour: Animal skin       |     2 |       |       |       ||     2
         Robe              |    10 |       |       |       ||    10
         Leather armour    |     2 |     9 |       |       ||    11
         Scale mail        |       |       |    56 |    55 ||   111
         Skin              |       |       |       |     3 ||     3
  Dodge: Dodged            |    56 |    30 |   100 |    93 ||   279
  Block: Other             |       |     5 |    28 |    36 ||    69

Table legend: (Time is in decaauts)
 A = Elapsed time spent in this place.
 B = Non-inter-level travel time spent in this place.
 C = Inter-level travel time spent in this place.
 D = Time resting spent in this place.
 E = Time spent auto-exploring this place.
 F = Levels seen in this place.
 G = Mean time per level.
                   A        B        C        D        E       F      G
               +--------+--------+--------+--------+--------+-----+--------+
         Total |   6113 |   3188 |   2925 |      0 |   1725 |  10 |  611.3 |
       Dungeon |   6111 |   3186 |   2925 |      0 |   1725 |   9 |  679.0 |
        Temple |      1 |      1 |      0 |      0 |      0 |   1 |    1.0 |
               +--------+--------+--------+--------+--------+-----+--------+

Top non-repeatable levels by time:
     D:2: 956 daAuts
     D:4: 915 daAuts
     D:1: 769 daAuts
     D:3: 727 daAuts
     D:5: 694 daAuts
     D:8: 604 daAuts
     D:7: 570 daAuts
     D:9: 465 daAuts
     D:6: 406 daAuts
  Temple: 1 daAuts
